 Dungeon Crawl Stone Soup version 0.20-a0-449-g96be121 (webtiles) character file.

15579 Amnesiac the Slicer (level 12, 0/74 HPs)
             Began as a Mummy Enchanter on Jan 7, 2017.
             Was an Initiate of Gozag.
             Slain by an unseen horror (9 damage)
             ... on level 12 of the Dungeon.
             The game lasted 00:33:46 (14987 turns).

Amnesiac the Slicer (Mummy Enchanter)              Turns: 14987, Time: 00:33:47

Health: 0/74       AC: 11    Str: 13    XL:     12   Next: 2%
Magic:  20/22      EV: 15    Int: 15    God:    Gozag
Gold:   3185       SH:  0    Dex: 15    Spells: 9/25 levels left

rFire  x . .     SeeInvis .     I - +2 rapier (elec)
rCold  + + .     Gourm    .     l - +1 ring mail {rC+}
rNeg   + + +     Faith    .     (no shield)
rPois  ∞         Spirit   .     (no helmet)
rElec  .         Reflect  .     (no cloak)
rCorr  .         Harm     .     x - +0 pair of gloves
MR     +....                    u - +0 pair of boots
Stlth  ++++......               (no amulet)
                                e - +3 ring of protection
                                h - +4 ring of evasion

@: very slightly contaminated
A: no food or potions, fire vulnerability, cold resistance 1, negative energy
resistance 3, torment resistance, unbreathing
a: Potion Petition, Call Merchant, Bribe Branch, Renounce Religion


You were on level 12 of the Dungeon.
You worshipped Gozag.
Gozag was most pleased with you.
You were not hungry.

You visited 2 branches of the dungeon, and saw 14 of its levels.

You collected 3211 gold pieces.
You paid 26 gold pieces to Gozag.

Inventory:

Hand Weapons
 t - a +3 short sword of venom
 A - a +2 rapier of flaming
 E - the +1 rapier "Nobrir" {venom, Stlth+}
   (You found it on level 8 of the Dungeon)

   It poisons the flesh of those it strikes.
   It makes you more stealthy.
 I - a +2 rapier of electrocution (weapon)
 K - a +0 blowgun
 P - a +4 scimitar of flaming
Missiles
 H - a throwing net (quivered)
Armour
 l - a +1 ring mail of cold resistance (worn)
 u - a +0 pair of boots (worn)
 w - +0 gold dragon scales
 x - a +0 pair of gloves (worn)
 J - +0 ice dragon scales
Jewellery
 e - a +3 ring of protection (right hand)
 h - a +4 ring of evasion (left hand)
 O - a +3 ring of evasion
Wands
 a - a wand of iceblast (15/15)
 m - a wand of confusion (24/48)
 o - a wand of enslavement (5/24)
 p - a wand of confusion (24/48)
 s - a wand of enslavement (6/24)
 y - a wand of polymorph (10/24)
 B - a wand of random effects (32/48)
 C - a wand of acid (5/15)
 Q - a wand of digging (16/24)
 S - a wand of paralysis (16/24)
Scrolls
 b - 3 scrolls of enchant armour
 d - 2 scrolls of teleportation
 f - 2 scrolls of fog
 i - 6 scrolls of identify
 j - a scroll of immolation
 n - a scroll of amnesia
 r - 2 scrolls of blinking
 D - a scroll of enchant weapon
 G - a scroll of silence {unknown}
 L - a scroll of recharging
 R - a scroll of summoning {unknown}
Books
 c - a book of Maledictions

   Spells                             Type                      Level
   a - Corona                         Hexes                        1
   b - Ensorcelled Hibernation        Hexes/Ice                    2
   c - Confuse                        Hexes                        3
   d - Tukima's Dance                 Hexes                        3
   e - Dazzling Spray                 Conjuration/Hexes            3
 g - Kikubaaqudgha's Papyrus of Evil
   (You found it on level 3 of the Dungeon)

   Spells                             Type                      Level
   a - Pain                           Necromancy                   1
 k - a Grand Grimoire

   Spells                             Type                      Level
   a - Monstrous Menagerie            Summoning                    7
   b - Summon Greater Demon           Summoning                    7
   c - Malign Gateway                 Summoning/Translocation      7
   d - Summon Horrible Things         Summoning                    8
 q - a book of Minor Magic

   Spells                             Type                      Level
   a - Magic Dart                     Conjuration                  1
   b - Blink                          Translocation                2
   c - Call Imp                       Summoning                    2
   d - Repel Missiles                 Charms/Air                   2
   e - Slow                           Hexes                        2
   f - Conjure Flame                  Conjuration/Fire             3
   g - Mephitic Cloud                 Conjuration/Poison/Air       3
 v - a book of Necromancy

   Spells                             Type                      Level
   a - Pain                           Necromancy                   1
   b - Animate Skeleton               Necromancy                   1
   c - Vampiric Draining              Necromancy                   3
   d - Regeneration                   Charms/Necromancy            3
   e - Animate Dead                   Necromancy                   4
   f - Control Undead                 Necromancy                   4
 z - a book of Callings

   Spells                             Type                      Level
   a - Summon Small Mammal            Summoning                    1
   b - Call Imp                       Summoning                    2
   c - Call Canine Familiar           Summoning                    3
   d - Summon Guardian Golem          Hexes/Summoning              3
   e - Summon Lightning Spire         Summoning/Air                4
   f - Summon Ice Beast               Ice/Summoning                4
Miscellaneous
 F - a phial of floods
 M - a lamp of fire
 N - a phantom mirror


   Skills:
 + Level 11.8 Short Blades
 - Level 1.5 Dodging
 - Level 10.0 Stealth
 - Level 7.0 Spellcasting
 - Level 7.1 Hexes


You had 9 spell levels left.
You knew the following spells:

 Your Spells              Type           Power        Failure   Level  Hunger
a - Repel Missiles        Chrm/Air       #.....       50%         2    N/A
b - Blink                 Tloc           N/A          50%         2    N/A
c - Dazzling Spray        Conj/Hex       ###...       24%         3    N/A
e - Confuse               Hex            ####....     6%          3    N/A
f - Corona                Hex            ####...      1%          1    N/A
w - Tukima's Dance        Hex            ####....     6%          3    N/A
z - Ensorcelled Hibernat  Hex/Ice        ###...       12%         2    N/A

Dungeon Overview and Level Annotations

Branches:
Dungeon (12/15)            Temple (0/1) D:4            Lair (0/6) D:8
    Orc (2/2) D:11
    Elf: Orc:2

Altars:
Ashenzari
Dithmenos
Elyvilon
Fedhas
Gozag
Hepliaklqana
Kikubaaqudgha
Makhleb
Okawaru
Ru
Sif Muna
Vehumet
Yredelemnul


Innate Abilities, Weirdness & Mutations

You do not eat or drink.
Your flesh is vulnerable to fire.
You are immune to poison.
Your flesh is cold resistant. (rC+)
You are immune to negative energy. (rN+++)
You are immune to unholy pain and torment.
You can survive without breathing.


Message History

You close the door.
Something hits you.
You start resting.
Something hits you. Something hits you!
* * * LOW HITPOINT WARNING * * *
Something hits you but does no damage. Something barely misses you.
Something hits you!
* * * LOW HITPOINT WARNING * * *
Something hits you.
* * * LOW HITPOINT WARNING * * *
Okay, then.
Unknown command.
Blink to where?
Press: ? - help, Dir - move target cursor You are very lightly contaminated with residual magic.
As you read the scroll of blinking, it crumbles to dust.
Something hits you but does no damage. Something hits you!
You die...
Your body crumbles into a pile of gold.

#.......# #.......#
##'###### ##.# #..# #.##
###+############+#######
#...........##..........
#......@....#...........
#...........#...........
#....:.....).((.........
#............#(().......
#...........####(#######
###+######### #(# ##.#
#.(# #.##


There were no monsters in sight!

Vanquished Creatures
  The ghost of Nuatha the Carver, a journeyman DsAK of Lugonu (D:11)
  Erolcha (D:9)
  4 two-headed ogres
  An ugly thing (D:11)
  A manticore (D:9)
  Joseph (D:7)
  A gargoyle (D:11)
  3 kobold demonologists (D:11)
  An efreet (D:11)
  A merfolk (D:9)
  A queen bee (D:11)
  3 trolls (D:10)
  5 slime creatures (D:11)
  Prince Ribbit (D:8)
  A hippogriff (D:10)
  A vampire (D:9)
  2 wyverns
  5 yaks (D:11)
  A hungry ghost (D:9)
  A basilisk (D:11)
  A water moccasin (D:5)
  A black bear (D:9)
  4 orc warriors
  2 phantoms
  A dancing weapon (D:4)
  4 ice beasts
  3 sky beasts
  2 necrophages
  3 ogres
  3 centaurs
  A big kobold (D:12)
  A gnoll sergeant (D:8)
  4 bullfrogs
  5 scorpions
  2 wyvern skeletons
  28 killer bees
  A centaur zombie (D:6)
  5 crimson imps
  2 quasits
  A bullfrog zombie (D:12)
  5 hounds
  4 orc priests
  3 jellies
  9 orc wizards
  2 bullfrog skeletons (D:5)
  A centaur skeleton (D:8)
  4 iguanas
  9 worker ants
  A hound zombie (D:5)
  A hound skeleton (D:8)
  3 worker ant zombies
  A howler monkey zombie (D:5)
  11 gnolls
  16 adders
  A shadow imp (D:6)
  4 adder zombies
  2 worms (D:2)
  5 dart slugs
  6 leopard geckos
  53 orcs
  7 giant cockroaches
  8 goblins
  6 hobgoblins
  14 jackals
  14 kobolds
  4 quokkas
  7 bats
  5 frilled lizards
  A jackal zombie (D:5)
  2 leopard gecko skeletons (D:5)
  A leopard gecko zombie (D:5)
  2 quokka skeletons
  A quokka zombie (D:5)
  12 rats
335 creatures vanquished.

Vanquished Creatures (collateral kills)
  An ogre (D:5)
  2 killer bees (D:11)
3 creatures vanquished.

Vanquished Creatures (others)
  2 dancing weapons
  An orc wizard (D:6)
3 creatures vanquished.

Grand Total: 341 creatures vanquished

Notes
Turn   | Place    | Note
-------+----------+-------------------------------------------
     0 | D:1      | Amnesiac the Mummy Enchanter began the quest for the Orb.
     0 | D:1      | Reached XP level 1. HP: 13/13 MP: 4/4
    40 | D:1      | Reached skill level 1 in Short Blades
   341 | D:2      | Reached XP level 2. HP: 8/19 MP: 2/5
   345 | D:2      | Learned a level 2 spell: Ensorcelled Hibernation
   613 | D:2      | Found a burning altar of Makhleb.
   619 | D:2      | Found an opulent altar of Gozag.
   763 | D:2      | Became a worshipper of Gozag Ym Sagoz the Greedy
  1024 | D:1      | Reached XP level 3. HP: 12/24 MP: 5/7
  1029 | D:1      | Learned a level 3 spell: Confuse
  1305 | D:1      | You fall through a shaft!
  1789 | D:2      | Learned a level 3 spell: Tukima's Dance
  2083 | D:2      | Found a shadowy altar of Dithmenos.
  2191 | D:2      | Reached XP level 4. HP: 24/30 MP: 0/9
  3347 | D:3      | Reached XP level 5. HP: 24/35 MP: 2/11
  3453 | D:3      | Found a radiant altar of Vehumet.
  3458 | D:3      | Found an ancient bone altar of Kikubaaqudgha.
  3459 | D:3      | Found a deep blue altar of Sif Muna.
  3464 | D:3      | Identified Kikubaaqudgha's Papyrus of Evil
  3511 | D:3      | Learned a level 3 spell: Dazzling Spray
  4135 | D:4      | Reached XP level 6. HP: 41/41 MP: 8/13
  4173 | D:4      | Reached skill level 5 in Spellcasting
  4455 | D:4      | Reached skill level 5 in Hexes
  4835 | D:4      | Reached XP level 7. HP: 41/46 MP: 4/15
  5057 | D:4      | Found a staircase to the Ecumenical Temple.
  5147 | D:5      | Entered Level 5 of the Dungeon
  6133 | D:5      | Reached XP level 8. HP: 52/52 MP: 6/17
  6664 | D:5      | Reached skill level 5 in Stealth
  7396 | D:6      | Found a sacrificial altar of Ru.
  7834 | D:6      | Reached skill level 2 in Short Blades
  7918 | D:6      | Reached skill level 3 in Short Blades
  7935 | D:6      | Found a blossoming altar of Fedhas.
  7977 | D:6      | Found a shattered altar of Ashenzari.
  8133 | D:6      | Reached skill level 4 in Short Blades
  8310 | D:7      | Learned a level 2 spell: Blink
  8526 | D:7      | Noticed Joseph
  8570 | D:7      | Killed Joseph
  8570 | D:7      | Reached XP level 9. HP: 11/57 MP: 4/19
  8976 | D:8      | Found a staircase to the Lair.
  9002 | D:8      | Found an iron altar of Okawaru.
  9002 | D:8      | Found a hazy altar of Hepliaklqana.
  9002 | D:8      | Found a white marble altar of Elyvilon.
  9002 | D:8      | Found a basalt altar of Yredelemnul.
  9035 | D:8      | Got an ancient rapier
  9036 | D:8      | Identified the cursed +1 rapier "Nobrir" {venom, Stlth+} (You found it on level 8 of the Dungeon)
  9083 | D:8      | Identified a scroll of acquirement
  9119 | D:8      | Noticed Prince Ribbit
  9139 | D:8      | Killed Prince Ribbit
  9491 | D:8      | Noticed a two-headed ogre
  9508 | D:8      | Killed a two-headed ogre
  9508 | D:8      | Reached skill level 6 in Short Blades
  9811 | D:9      | Reached skill level 7 in Short Blades
  9822 | D:9      | Noticed a manticore
  9823 | D:9      | Noticed a merfolk
  9866 | D:9      | Killed a manticore
  9866 | D:9      | Reached XP level 10. HP: 56/63 MP: 1/20
 10077 | D:9      | Reached skill level 8 in Short Blades
 10510 | D:9      | Noticed Erolcha
 10535 | D:9      | Killed Erolcha
 10726 | D:10     | Entered Level 10 of the Dungeon
 11100 | D:10     | Noticed a two-headed ogre
 11116 | D:10     | Killed a two-headed ogre
 11424 | D:10     | Reached skill level 10 in Stealth
 11793 | D:11     | Reached XP level 11. HP: 26/68 MP: 3/21
 11997 | D:11     | Learned a level 2 spell: Repel Missiles
 12201 | D:11     | Reached skill level 9 in Short Blades
 12393 | D:11     | Noticed a white ugly thing
 12628 | D:11     | Noticed Nuatha's ghost (journeyman DsAK)
 12721 | D:11     | Killed Nuatha's ghost
 12721 | D:11     | Reached skill level 10 in Short Blades
 12983 | D:11     | Killed a white ugly thing
 13057 | D:11     | Found a staircase to the Orcish Mines.
 13163 | D:11     | HP: 3/68 [killer bee (2)]
 13997 | D:11     | Noticed a two-headed ogre
 14005 | D:11     | Killed a two-headed ogre
 14005 | D:11     | Reached skill level 11 in Short Blades
 14058 | D:11     | Noticed a two-headed ogre
 14085 | D:11     | Killed a two-headed ogre
 14260 | Orc:1    | Entered Level 1 of the Orcish Mines
 14342 | Orc:2    | Entered Level 2 of the Orcish Mines
 14342 | Orc:2    | Noticed an orc knight
 14342 | Orc:2    | Noticed an orc sorcerer
 14840 | D:12     | Reached XP level 12. HP: 59/74 MP: 7/22
 14987 | D:12     | Slain by an unseen horror

Vault maps used:
D:1:      ncdulo_smallfort
D:2:      nicolae_overflow_hidden_temple, amethyst_overflow_temple_binary
D:3:      grunt_temple_overflow_magic_moments
D:5:      wad_crossroads, first_bread, serial_undead, serial_undead_c,
          serial_undead_d, serial_undead_b, serial_undead_d
D:6:      fedhas_altar_1, nicolae_ru_great_annihilating_truth, basic_altar,
          hangedman_abyss_or_decor_lesser_grid
D:7:      uniq_joseph
D:8:      chequers_temple_overflow_statue_of_worship, dpeg_oklobed_lair,
          uniq_prince_ribbit1
D:9:      hangedman_fish_farm, minivault_5, uniq_erolcha
D:11:     orc_0_dummy, special_room
D:12:     kennysheep_nub, st_stairs_2
Orc:1:    uniq_maurice
Orc:2:    grunt_orc_community_town_hall, grunt_orc_community_big_house_1,
          grunt_orc_community_big_house_1, grunt_orc_community_house_2,
          grunt_orc_community_house_2, grunt_orc_community_house_1,
          grunt_orc_community_house_2, basic_altar

Skill      XL: |  1  2  3  4  5  6  7  8  9 10 11 |
---------------+----------------------------------+-----
Short Blades   | 1 4 7 8 11 | 11.8
Spellcasting   | 3 4 5 6 7 |  7.0
Hexes          | 3 4 5 6 7 |  7.1
Stealth        | 3 4 6 7 10 | 10.0
Dodging        | |  1.5

Action                   |  1- 3 |  4- 6 |  7- 9 | 10-12 || total
-------------------------+-------+-------+-------+-------++-------
Melee: Dagger            |   143 |   265 |   317 |       ||   725
       Mace              |       |       |    29 |       ||    29
       Short sword       |       |       |   103 |    11 ||   114
       Rapier            |       |       |   133 |   491 ||   624
 Cast: Corona            |    15 |       |       |     2 ||    17
       Ensorcelled Hiber |     6 |    26 |    35 |    19 ||    86
       Confuse           |    14 |    30 |    64 |    72 ||   180
       Tukima's Dance    |       |     1 |    13 |     7 ||    21
       Repel Missiles    |       |       |       |     1 ||     1
Invok: Potion Petition   |       |     1 |       |       ||     1
  Use: Scroll            |     1 |     3 |    11 |     6 ||    21
 Stab: Sleeping          |     7 |    24 |    19 |    18 ||    68
       Confused          |     4 |     6 |    27 |    23 ||    60
       Fleeing           |     1 |       |       |       ||     1
       Invisible         |       |     4 |     1 |       ||     5
       Distracted        |       |       |     4 |     4 ||     8
       Paralysed         |       |       |     1 |       ||     1
Armor: Robe              |    12 |    45 |    12 |       ||    69
       Ring mail         |       |       |   162 |   155 ||   317
Dodge: Dodged            |    89 |   250 |   404 |   270 ||  1013
       Deflected         |       |       |       |     2 ||     2
